 Dungeon Crawl Stone Soup version 0.21.1-1-g345015f (webtiles) character file.

1540 sking99 the Spear-Bearer (level 8, -14/75 HPs)
             Began as a Minotaur Fighter on June 30, 2018.
             Demolished by an orc knight
             ... wielding the +10 morningstar "Eos" {elec, Halo rElec}
              (29 damage)
             ... on level 7 of the Dungeon.
             The game lasted 00:12:21 (6599 turns).

sking99 the Spear-Bearer (Minotaur Fighter)         Turns: 6599, Time: 00:12:22

Health: -14/75     AC:  9    Str: 21    XL:     8   Next: 56%
Magic:  7/7        EV:  5    Int:  5    God:
Gold:   281        SH:  9    Dex: 12    Spells: 7/7 levels left

rFire    . . .     SeeInvis .   a - +0 trident
rCold    . . .     Gourm    .   c - +0 shield
rNeg     . . .     Faith    .   x - +0 chain mail
rPois    .         Spirit   .   (helmet restricted)
rElec    .         Reflect  .   (no cloak)
rCorr    .         Harm     .   (no gloves)
MR       .....                  (no boots)
Stlth    ..........             (no amulet)
HPRegen  0.22/turn              (no ring)
MPRegen  0.10/turn              (no ring)

@: glowing
A: retaliatory headbutt, horns 2
a: no special abilities


You were on level 7 of the Dungeon.
You were not hungry.

You visited 1 branch of the dungeon, and saw 7 of its levels.

You collected 281 gold pieces.

Inventory:

Hand Weapons
 a - a +0 trident (weapon)
Armour
 c - a +0 shield (worn)
 s - a +0 large shield
 x - a +0 chain mail (worn)
Jewellery
 o - an uncursed amulet of faith {unknown}
 u - an uncursed ring of flight {unknown}
 z - an uncursed ring of ice {unknown}
Wands
 q - a wand of digging (12)
Scrolls
 e - 2 scrolls of fear
 g - 2 scrolls of enchant weapon {unknown}
 j - a scroll of remove curse
 l - a scroll of fog
 p - 2 scrolls of amnesia
 t - 5 scrolls of identify
 v - a scroll of enchant armour {unknown}
 y - a scroll of magic mapping {unknown}
Potions
 d - 4 potions of might
 h - a potion of lignification {unknown}
 i - a potion of cancellation {unknown}
 k - 2 potions of heal wounds
 m - 4 potions of degeneration
 n - 3 potions of curing
 r - a potion of brilliance
 w - 2 potions of haste {unknown}
Comestibles
 f - 14 rations


   Skills:
 + Level 8.3 Fighting
 * Level 10.7 Polearms
 - Level 3.6 Armour
 - Level 3.6 Shields


You had 7 spell levels left.
You didn't know any spells.

Dungeon Overview and Level Annotations

Branches:
Dungeon (7/15)
 Temple: D:4-7

Altars:
Dithmenos
Elyvilon
Kikubaaqudgha
Makhleb
Nemelex Xobeh
Okawaru
Ru
Uskayaw
Vehumet
The Shining One


Innate Abilities, Weirdness & Mutations

You reflexively headbutt those who attack you in melee.
You have a pair of horns on your head.


Message History

You see here a stone.
You see here a stone.
Items here: ))) ÷ a club x2; a short sword; a kobold skeleton You see here a stone.
There is a stone staircase leading down here.
Items here: ))) ÷ a club x2; a short sword; a kobold skeleton You see here a stone.
There is a stone staircase leading down here.
Items here: ))) ÷ a club x2; a short sword; a kobold skeleton You see here a stone.
There is a shaft here.
The orc knight hits you with the +10 morningstar "Eos" {elec, Halo rElec}!
* * * LOW HITPOINT WARNING * * *
There is a shaft here.
There is a stone staircase leading up here.
The orc knight hits you with the +10 morningstar "Eos" {elec, Halo rElec}!!
You die...

.......#.#....
.......#.#...#
............#
.....#.....##
#.#........#
#####........#.#
.....(.........#
....(......#.#####
.(###(..>###.# #@#
###..#(.## #.# #o#
#..###..# #.#
#.####### .##..#..#
#.# #.......#
#..###(.# #.#
##.#^####
)##([#..####.####.#.#
#).###..)(..........#
.##.?#..#########.###
#..###..# #.#


You could see an orc knight.

Vanquished Creatures
  A phantom (D:4)
  An orc warrior (D:7)
  An ogre (D:4)
  A centaur (D:7)
  The ghost of poxu the Digger, an amateur GrEE (D:3)
  A big kobold (D:7)
  A bullfrog (D:6)
  2 scorpions
  A water moccasin skeleton (D:7)
  A howler monkey (D:5)
  A crimson imp (D:7)
  A centaur zombie (D:5)
  A quasit (D:5)
  A hound (D:6)
  5 orc wizards
  2 centaur skeletons
  5 orc priests
  3 worker ants
  A hound skeleton (D:4)
  A worker ant zombie (D:5)
  4 gnolls (D:3)
  6 adders
  2 oozes (D:1)
  5 adder skeletons
  A worm (D:3)
  4 dart slugs
  2 leopard geckos
  20 orcs
  A ball python (D:1)
  4 giant cockroaches
  2 goblins (D:1)
  4 hobgoblins
  9 jackals
  8 kobolds
  5 quokkas
  10 bats
  2 frilled lizards (D:1)
  3 rats
124 creatures vanquished.

Notes
Turn   | Place    | Note
-------+----------+-------------------------------------------
     0 | D:1      | sking99 the Minotaur Fighter began the quest for the Orb.
     0 | D:1      | Reached XP level 1. HP: 19/19 MP: 0/0
   223 | D:1      | Reached skill level 3 in Polearms
   223 | D:1      | Reached XP level 2. HP: 25/27 MP: 1/1
   613 | D:1      | Reached XP level 3. HP: 33/33 MP: 2/2
  1077 | D:2      | Reached skill level 4 in Polearms
  1700 | D:3      | Noticed poxu's ghost (amateur GrEE)
  1728 | D:3      | Killed poxu's ghost
  1728 | D:3      | Reached skill level 5 in Polearms
  1728 | D:3      | Reached XP level 4. HP: 17/41 MP: 3/3
  1931 | D:3      | Found a white marble altar of Elyvilon.
  1959 | D:3      | Found a burning altar of Makhleb.
  1991 | D:3      | Reached XP level 5. HP: 47/47 MP: 4/4
  1998 | D:3      | Reached skill level 5 in Fighting
  2624 | D:3      | You fall through a shaft for 2 floors!
  2624 | D:5      | Entered Level 5 of the Dungeon
  2650 | D:5      | Reached skill level 6 in Polearms
  2801 | D:4      | Reached XP level 6. HP: 46/56 MP: 5/5
  2910 | D:4      | Found a glowing golden altar of the Shining One.
  2910 | D:4      | Found a radiant altar of Vehumet.
  2936 | D:4      | Found a shadowy altar of Dithmenos.
  2938 | D:4      | Found an ancient bone altar of Kikubaaqudgha.
  2940 | D:4      | Found an iron altar of Okawaru.
  3401 | D:4      | Reached skill level 7 in Polearms
  3665 | D:4      | Reached XP level 7. HP: 51/63 MP: 6/6
  3880 | D:4      | Found a sacrificial altar of Ru.
  4252 | D:5      | Reached skill level 8 in Polearms
  4734 | D:5      | Reached skill level 9 in Polearms
  5143 | D:5      | Reached XP level 8. HP: 73/73 MP: 7/7
  5283 | D:5      | Found a sparkling altar of Nemelex Xobeh.
  5908 | D:6      | Found a sparkling altar of Nemelex Xobeh.
  6173 | D:7      | Found a hide-covered altar of Uskayaw.
  6247 | D:7      | Reached skill level 10 in Polearms
  6518 | D:7      | Noticed an orc knight
  6599 | D:7      | Demolished by an orc knight

Skill      XL: |  1  2  3  4  5  6  7  8 |
---------------+-------------------------+-----
Polearms       | 3 5 6 7 9 10 | 10.7
Fighting       | 4 5 6 7 8 |  8.3
Armour         | |  3.6
Shields        | |  3.6

Action                   |  1- 3 |  4- 6 |  7- 9 || total
-------------------------+-------+-------+-------++-------
Melee: Trident           |   121 |   149 |   198 ||   468
       Headbutt          |     8 |    26 |    36 ||    70
  Use: Scroll            |       |    10 |       ||    10
  Eat: Chunk             |     3 |     6 |     9 ||    18
Armor: Scale mail        |    31 |    38 |    38 ||   107
       Chain mail        |       |       |    20 ||    20
Dodge: Dodged            |    20 |    22 |    35 ||    77
Block: Shield            |    50 |    42 |    73 ||   165
